 Dungeon Crawl Stone Soup version 0.20.1-1-g8b1a95d (webtiles) character file.

444 equalderp2856 the Covered (level 6, -1/55 HPs)
             Began as a Minotaur Fighter on Oct 21, 2017.
             Killed from afar by Dowan (3 damage)
             ... with a puff of flame
             ... on level 5 of the Dungeon.
             The game lasted 00:03:50 (2833 turns).

equalderp2856 the Covered (Minotaur Fighter)        Turns: 2833, Time: 00:03:50

Health: -1/55      AC:  8    Str: 20    XL:     6   Next: 72%
Magic:  6/6        EV:  8    Int:  5    God:
Gold:   144        SH: 10    Dex: 12    Spells: 5/7 levels left

rFire    . . .     SeeInvis .   a - +0 war axe
rCold    . . .     Gourm    +   c - +0 shield
rNeg     . . .     Faith    .   b - +0 scale mail
rPois    .         Spirit   .   (helmet restricted)
rElec    .         Reflect  .   (no cloak)
rCorr    .         Harm     .   i - +0 pair of gloves
MR       .....                  (no boots)
Stlth    ..........             t - amulet of the gourmand
Regen    0.2/turn               (no ring)
MPRegen  0.1/turn               (no ring)

@: no status effects
A: retaliatory headbutt, horns 2
a: no special abilities


You were on level 5 of the Dungeon.
You were not hungry.

You visited 1 branch of the dungeon, and saw 5 of its levels.

You collected 144 gold pieces.

Inventory:

Hand Weapons
 a - a +0 war axe (weapon)
 w - a +0 spear
Armour
 b - a +0 scale mail (worn)
 c - a +0 shield (worn)
 i - a +0 pair of gloves (worn)
Jewellery
 t - an amulet of the gourmand (around neck)
Scrolls
 e - a scroll of teleportation {unknown}
 g - 7 scrolls of identify {unknown}
 l - 2 scrolls of fog {unknown}
 m - a scroll of immolation {unknown}
 p - 2 scrolls of fear {unknown}
 q - 2 scrolls of enchant armour {unknown}
 s - 2 scrolls of remove curse {unknown}
 u - a scroll of recharging {unknown}
 v - 2 scrolls of noise {unknown}
 y - a scroll of enchant weapon {unknown}
 B - 3 scrolls of amnesia {unknown}
 C - a scroll of blinking {unknown}
Potions
 d - 2 potions of might
 h - 2 potions of cancellation
 z - 2 potions of agility {unknown}
Books
 A - a book of Cantrips

   Spells                             Type                      Level
   a - Confusing Touch                Hexes                        1
   b - Animate Skeleton               Necromancy                   1
   c - Summon Small Mammal            Summoning                    1
   d - Apportation                    Translocation                1
Comestibles
 f - 4 bread rations
 j - a fruit
 n - a royal jelly


   Skills:
 + Level 4.9 Fighting
 + Level 4.2 Axes
 + Level 5.1 Armour
 + Level 1.4 Dodging
 + Level 0.1 Stealth
 + Level 4.7 Shields
 * Level 1.0 Spellcasting
 * Level 1.3 Necromancy
 * Level 1.2 Translocations


You had 5 spell levels left.
You knew the following spells:

 Your Spells              Type           Power        Failure   Level  Hunger
a - Animate Skeleton      Necr           N/A          96%         1    ##.....
b - Apportation           Tloc           #.....       96%         1    ##.....


Dungeon Overview and Level Annotations

Branches:
Dungeon (5/15)
 Temple: D:4-7

Altars:
Cheibriados
Trog
Vehumet

Annotations:
D:3 Pikel
D:5 Dowan, Duvessa


Innate Abilities, Weirdness & Mutations

You reflexively headbutt those who attack you in melee.
You have a pair of horns on your head.


Message History

You resist with some effort.
Duvessa says, "My weaknesses are his strengths!"
You block Duvessa's attack.
Dowan points at you and mumbles some strange words.
The puff of frost hits you!
* * * LOW HITPOINT WARNING * * *
You completely miss Duvessa. Your headbutt misses Duvessa.
Duvessa is almost dead.
Dowan points at you and mumbles some strange words.
The puff of flame hits you!
* * * LOW HITPOINT WARNING * * *
You block Duvessa's attack. Dowan casts a spell at you.
The puff of frost misses you.
Dowan points at you and mumbles some strange words.
The puff of frost hits you!
* * * LOW HITPOINT WARNING * * *
Dowan points at you and mumbles some strange words.
The puff of flame hits you!
You die...

#.. ....5.. #.. #####
...._e. #.# #... .......
#.# ##.## . .......
##.###...##. #.....
#..........# #.....
######..###)..#.#
##.....###.......####.##.#
#......5e@.<........#.##.#
##############e..##.#.##.#
#...##.#.##.#
#.......>..#.
##.......##.# #.########.#
#..........# ############


You could see Duvessa, Dowan and an iron imp.

Vanquished Creatures
  Eustachio (D:5)
  A slave (D:5)
  A scorpion (D:5)
  A howler monkey (D:5)
  2 crimson imps (D:5)
  A worker ant (D:5)
  A worker ant zombie (D:5)
  3 gnolls (D:2)
  3 adders
  A worm (D:2)
  2 dart slugs (D:1)
  2 leopard geckos
  4 orcs (D:3)
  2 ball pythons
  4 giant cockroaches
  4 goblins
  7 hobgoblins
  A quokka (D:2)
  3 bats
  3 frilled lizards
  4 kobolds
  8 rats
59 creatures vanquished.

Notes
Turn   | Place    | Note
-------+----------+-------------------------------------------
     0 | D:1      | equalderp2856 the Minotaur Fighter began the quest for the Orb.
     0 | D:1      | Reached XP level 1. HP: 19/19 MP: 0/0
   345 | D:1      | Reached XP level 2. HP: 27/27 MP: 1/1
   686 | D:2      | Reached XP level 3. HP: 33/34 MP: 2/2
   826 | D:2      | Found a radiant altar of Vehumet.
   867 | D:2      | Reached skill level 1 in Dodging
   879 | D:2      | Reached skill level 4 in Armour
   879 | D:2      | Reached XP level 4. HP: 20/41 MP: 3/3
  1483 | D:3      | Learned a level 1 spell: Animate Skeleton
  1485 | D:3      | Learned a level 1 spell: Apportation
  1735 | D:3      | Found a bloodstained altar of Trog.
  2193 | D:4      | Noticed Pikel
  2193 | D:4      | Noticed a slave
  2193 | D:4      | Noticed a slave
  2193 | D:4      | Noticed a slave
  2193 | D:4      | Noticed a slave
  2260 | D:5      | Entered Level 5 of the Dungeon
  2266 | D:5      | HP: 1/41 [howler monkey (2)]
  2269 | D:5      | Reached XP level 5. HP: 24/47 MP: 4/4
  2272 | D:5      | Killed a slave
  2275 | D:5      | Reached skill level 1 in Necromancy
  2735 | D:5      | Reached XP level 6. HP: 53/53 MP: 5/5
  2740 | D:5      | Noticed Eustachio
  2755 | D:5      | Killed Eustachio
  2755 | D:5      | Reached skill level 5 in Armour
  2755 | D:5      | Reached skill level 1 in Spellcasting
  2755 | D:5      | Reached skill level 1 in Translocations
  2809 | D:5      | Noticed Dowan
  2810 | D:5      | Found a snail-covered altar of Cheibriados.
  2810 | D:5      | Noticed Duvessa
  2833 | D:5      | HP: 2/55 [Dowan/puff of frost (9)]
  2833 | D:5      | Killed from afar by Dowan

Skill      XL: |  1  2  3  4  5  6 |
---------------+-------------------+-----
Fighting       | 4 |  4.9
Shields        | 4 |  4.7
Axes           | 3 4 |  4.2
Dodging        | 1 |  1.4
Armour         | 4 5 |  5.1
Necromancy     | 1 |  1.3
Spellcasting   | 1 |  1.0
Translocations | 1 |  1.2
Stealth        | |  0.1

Action                   |  1- 3 |  4- 6 || total
-------------------------+-------+-------++-------
Melee: War axe           |    65 |   125 ||   190
       Headbutt          |    12 |    29 ||    41
  Use: Potion            |       |     5 ||     5
  Eat: Chunk             |       |     8 ||     8
Armor: Scale mail        |    33 |    50 ||    83
Dodge: Dodged            |    21 |    51 ||    72
Block: Shield            |    30 |    78 ||   108
